 Dungeon Crawl Stone Soup version 0.19.3-1-g3169bf9 (console) character file.

12215 Grinner the Bludgeoner (level 11, -13/123 HPs)
             Began as an Ogre Monk on Jan 26, 2017.
             Was a High Priest of Okawaru.
             Mangled by an orc knight
             ... wielding a +0 halberd
              (45 damage)
             ... in a bailey.
             The game lasted 00:34:59 (9714 turns).

Grinner the Bludgeoner (Ogre Monk)                  Turns: 9714, Time: 00:34:59

Health: -13/123    AC: 11    Str: 23    XL:     11   Next: 89%
Magic:  14/14      EV: 15    Int:  9    God:    Okawaru [*****.]
Gold:   696        SH:  0    Dex: 15    Spells: 2 memorised, 13 levels left

rFire  + . .     SeeInvis .     a - +7 flail (protect)
rCold  . . .     Gourm    .     d - +0 robe {MR+}
rNeg   . . .     Faith    +     (no shield)
rPois  .         Spirit   .     (helmet restricted)
rElec  .         Reflect  .     F - +0 cloak
rCorr  .         Harm     .     (gloves unavailable)
MR     ++...                    (boots unavailable)
Stlth  ++........               i - amulet of faith
                                g - ring of protection from fire
                                t - +3 ring of dexterity

@: lethally poisoned (-13 -> -13), protection aura
A: unfitting armour, strong 1, tough skin 1
a: Heroism, Finesse, Renounce Religion


You were in a bailey.
You worshipped Okawaru.
Okawaru was extremely pleased with you.
You were full.

You visited 3 branches of the dungeon, and saw 12 of its levels.
You also visited: Bailey.

You collected 696 gold pieces.

Inventory:

Hand Weapons
 a - a +7 flail of protection (weapon)
Missiles
 H - 2 large rocks (quivered)
 I - 8 silver javelins
Armour
 d - a +0 robe of magic resistance (worn)
 F - a +0 cloak (worn)
Jewellery
 f - an uncursed ring of protection from cold
 g - a ring of protection from fire (right hand)
 i - an amulet of faith (around neck)
 q - an uncursed amulet of the gourmand
 s - a +5 ring of intelligence
 t - a +3 ring of dexterity (left hand)
Wands
 y - a wand of slowing (24/48)
 E - a wand of disintegration (0/24)
Scrolls
 b - a scroll of acquirement {unknown}
 k - 7 scrolls of remove curse
 n - 2 scrolls of teleportation
 r - 2 scrolls of enchant weapon
 w - a scroll of noise
 D - 2 scrolls of recharging
 J - 2 scrolls of silence
 O - a scroll of vulnerability
Potions
 j - a potion of degeneration
 l - a potion of berserk rage
 m - a potion of might
 o - a potion of flight
 u - 2 potions of lignification
 x - a potion of agility
 z - a potion of brilliance
 C - a potion of curing
 N - 3 potions of resistance
 S - a potion of beneficial mutation
Books
 K - a book of Misfortune

   Spells                             Type                      Level
   a - Confusing Touch                Hexes                        1
   b - Confuse                        Hexes                        3
   c - Gell's Gravitas                Hexes/Translocation          3
   d - Petrify                        Transmutation/Earth          4
   e - Metabolic Englaciation         Hexes/Ice                    5
   f - Yara's Violent Unravelling     Hexes/Transmutation          5
 M - a book of Cantrips

   Spells                             Type                      Level
   a - Confusing Touch                Hexes                        1
   b - Animate Skeleton               Necromancy                   1
   c - Summon Small Mammal            Summoning                    1
   d - Apportation                    Translocation                1
 Q - a book of Necromancy

   Spells                             Type                      Level
   a - Pain                           Necromancy                   1
   b - Animate Skeleton               Necromancy                   1
   c - Vampiric Draining              Necromancy                   3
   d - Regeneration                   Charms/Necromancy            3
   e - Animate Dead                   Necromancy                   4
   f - Control Undead                 Necromancy                   4
 R - a book of Party Tricks

   Spells                             Type                      Level
   a - Summon Butterflies             Summoning                    1
   b - Apportation                    Translocation                1
   c - Lesser Beckoning               Translocation                3
   d - Tukima's Dance                 Hexes                        3
   e - Alistair's Intoxication        Transmutation/Poison         5
   f - Invisibility                   Hexes                        6
Comestibles
 c - 8 bread rations
 p - 8 slices of pizza
 v - a meat ration
 A - 2 fruits
 G - 2 beef jerkies


   Skills:
 * Level 11.7 Fighting
 + Level 15.3 Maces & Flails
 - Level 4.0 Throwing
 * Level 9.1 Dodging
 - Level 1.4 Stealth
 + Level 2.6 Spellcasting
 + Level 1.5 Summonings
 - Level 0.3 Translocations
 + Level 2.9 Invocations


You had 13 spell levels left.
You knew the following spells:

 Your Spells              Type           Power        Failure   Level  Hunger
a - Apportation           Tloc           #.........   28%         1    ##.....
x - Summon Butterflies    Summ           #.......     17%         1    ##.....


Dungeon Overview and Level Annotations

Branches:
Dungeon (10/15)            Temple (1/1) D:5             Orc (1/2) D:10
   Lair: D:8-11

Altars:
Ashenzari
Cheibriados
Dithmenos
Elyvilon
Fedhas
Gozag
Hepliaklqana
Kikubaaqudgha
Makhleb
Nemelex Xobeh
Okawaru
Qazlal
Ru
Sif Muna
Trog
Uskayaw
Vehumet
Xom
Yredelemnul
Zin
The Shining One

Annotations:
Orc:1 Josephine


Innate Abilities, Weirdness & Mutations

You are too large for most types of armour.
You have tough skin. (AC +1)
Your muscles are strong. (Str +2)


Message History

You feel sick. The orc knight closely misses you.
The orc knight barely misses you.
You feel much better. The orc knight barely misses you.
The orc knight hits you with a halberd!!
* * * LOW HITPOINT WARNING * * *
Okay, then.
You barely miss the orc knight.
The orc knight is severely wounded.
Unknown command.
You hit the orc knight.
Your weapon exudes an aura of protection.
The orc knight is severely wounded.
The orc knight closely misses you.
You barely miss the orc knight.
The orc knight is severely wounded.
You feel sick.
You closely miss the orc knight.
The orc knight is severely wounded.
The orc knight hits you with a halberd!!!
You die...

##.o...##
#...)...#
#..))...#
#...).))#
#...).(.#
#.......#
##..)..##
###o###
#.@.#
#)).#
#.))#
#...#
###'###
##.))..##
#.......#
#....)..#
#.......#


You could see an orc knight.

Vanquished Creatures
  Erica (Orc:1)
  A hill giant (D:8)
  4 orc knights (Bailey)
  Maurice (D:9)
  A centaur skeleton (D:10)
  Grinder (D:4)
  A hornet (D:10)
  3 hippogriffs
  A wraith (Orc:1)
  A hill giant zombie (D:10)
  5 yaks (D:9)
  4 hogs (D:7)
  2 hungry ghosts
  A human (D:7)
  A warg (Orc:1)
  A steam dragon (D:10)
  14 orc warriors
  2 ice beasts
  2 sky beasts
  2 black bears (D:7)
  2 phantoms
  4 ogres
  4 centaurs
  A big kobold (D:8)
  4 bullfrogs
  3 scorpions
  A wyvern skeleton (D:8)
  4 killer bees (D:7)
  8 wights
  A howler monkey (D:9)
  10 crimson imps
  2 centaur zombies
  5 hounds
  2 jellies
  A gnoll shaman (D:5)
  4 orc priests
  7 orc wizards
  Ijyb (D:2)
  Terence (D:2)
  5 iguanas
  Natasha (D:2)
  7 worker ants
  7 ogre zombies (D:10)
  2 hound skeletons (D:8)
  2 worker ant zombies
  11 gnolls
  A howler monkey skeleton (D:4)
  10 adders
  4 shadow imps
  An ooze (D:2)
  2 adder skeletons
  4 worms
  A dart slug (D:2)
  2 leopard geckos (D:4)
  48 orcs
  5 bats
  A giant cockroach (D:2)
  9 goblins
  7 hobgoblins
  15 jackals
  2 quokkas
  2 ball pythons (D:4)
  6 frilled lizards
  2 goblin skeletons (D:10)
  4 goblin zombies (D:10)
  2 hobgoblin skeletons (D:10)
  4 hobgoblin zombies (D:10)
  11 kobolds
  An orc skeleton (D:10)
  12 orc zombies (D:10)
  A quokka zombie (D:8)
  3 rats
309 creatures vanquished.

Notes
Turn   | Place    | Note
-------+----------+-------------------------------------------
     0 | D:1      | Grinner the Ogre Monk began the quest for the Orb.
     0 | D:1      | Reached XP level 1. HP: 24/24 MP: 1/1
    52 | D:1      | Reached XP level 2. HP: 23/32 MP: 2/2
   161 | D:1      | Reached skill level 5 in Maces & Flails
   268 | D:1      | You fall through a shaft!
   294 | D:2      | Reached XP level 3. HP: 37/39 MP: 3/3
   409 | D:2      | Noticed Ijyb
   434 | D:2      | Killed Ijyb
   629 | D:2      | Reached skill level 1 in Throwing
   629 | D:2      | Reached XP level 4. HP: 48/48 MP: 4/4
   991 | D:2      | Noticed Terence
   999 | D:2      | Killed Terence
  1103 | D:2      | Noticed Natasha
  1110 | D:2      | Killed Natasha
  1110 | D:2      | Reached skill level 6 in Maces & Flails
  1110 | D:2      | Reached XP level 5. HP: 42/54 MP: 5/5
  1483 | D:3      | Reached XP level 6. HP: 62/62 MP: 6/6
  1619 | D:3      | Found a glowing golden altar of the Shining One.
  1863 | D:4      | Noticed Grinder
  1868 | D:4      | Paralysed by Grinder for 2 turns
  2039 | D:4      | Killed Grinder
  2039 | D:4      | Reached skill level 7 in Maces & Flails
  2039 | D:4      | Reached XP level 7. HP: 70/70 MP: 7/7
  2320 | D:4      | Found a stormy altar of Qazlal.
  2497 | D:4      | Reached skill level 8 in Maces & Flails
  2790 | D:5      | Entered Level 5 of the Dungeon
  2965 | D:5      | Gained mutation: Your muscles are strong. (Str +2) [potion of beneficial mutation]
  3204 | D:5      | Found a shadowy altar of Dithmenos.
  3219 | D:5      | Reached XP level 8. HP: 58/79 MP: 8/8
  3270 | D:5      | Found a staircase to the Ecumenical Temple.
  3303 | D:5      | Reached skill level 5 in Fighting
  3303 | D:5      | Reached skill level 9 in Maces & Flails
  3326 | Temple   | Entered the Ecumenical Temple
  3385 | Temple   | Became a worshipper of Warmaster Okawaru
  3385 | Temple   | Reached * piety under Okawaru
  3385 | Temple   | Reached ** piety under Okawaru
  3633 | D:6      | Reached skill level 5 in Dodging
  4020 | D:6      | Reached skill level 10 in Maces & Flails
  4392 | D:7      | Found an ancient bone altar of Kikubaaqudgha.
  4454 | D:7      | Found a bloodstained altar of Trog.
  4457 | D:7      | Reached XP level 9. HP: 90/92 MP: 9/9
  4505 | D:7      | Reached *** piety under Okawaru
  4505 | D:7      | Reached skill level 11 in Maces & Flails
  4900 | D:7      | Found a white marble altar of Elyvilon.
  5048 | D:7      | Reached skill level 12 in Maces & Flails
  5169 | D:7      | Reached **** piety under Okawaru
  5177 | D:7      | Received a gift from Okawaru
  5187 | D:7      | Reached XP level 10. HP: 59/106 MP: 10/10
  5544 | D:8      | Reached skill level 13 in Maces & Flails
  5691 | D:8      | Received a gift from Okawaru
  5736 | D:8      | Noticed a hill giant
  5743 | D:8      | Killed a hill giant
  5743 | D:8      | Reached ***** piety under Okawaru
  6269 | D:8      | Found a blossoming altar of Fedhas.
  6269 | D:8      | Found a shadowy altar of Dithmenos.
  6281 | D:8      | Found a faded altar of an unknown god.
  6283 | D:8      | Found a radiant altar of Vehumet.
  6285 | D:8      | Found a faded altar of an unknown god.
  6443 | D:9      | Received a gift from Okawaru
  6449 | D:9      | Reached skill level 14 in Maces & Flails
  6466 | D:9      | Got a shadowed robe {god gift}
  6477 | D:9      | Identified the +1 robe "Ejewiazargh" {*Slow rN+ Int+5} (Okawaru gifted it to you on level 9 of the Dungeon)
  6506 | D:9      | Noticed Maurice
  6517 | D:9      | Killed Maurice
  6517 | D:9      | Reached skill level 10 in Fighting
  7013 | D:9      | Learned a level 1 spell: Apportation
  7017 | D:9      | Reached XP level 11. HP: 118/118 MP: 11/11
  7331 | D:10     | Entered Level 10 of the Dungeon
  7519 | D:10     | Reached skill level 15 in Maces & Flails
  7554 | D:10     | Found a staircase to the Orcish Mines.
  7803 | D:10     | Learned a level 1 spell: Summon Butterflies
  8034 | D:10     | Reached skill level 1 in Invocations
  8167 | Orc:1    | Entered Level 1 of the Orcish Mines
  8174 | Orc:1    | Noticed Erica
  8192 | Orc:1    | Killed Erica
  8192 | Orc:1    | Reached skill level 1 in Spellcasting
  8198 | Orc:1    | Found a flagged portal.
  8229 | Orc:1    | Noticed Josephine
  8238 | Bailey   | Entered a bailey
  8942 | Bailey   | Reached skill level 1 in Summonings
  8993 | Bailey   | Received a gift from Okawaru
  9282 | Bailey   | Noticed an orc knight
  9283 | Bailey   | Noticed an orc knight
  9289 | Bailey   | Noticed an orc knight
  9301 | Bailey   | Killed an orc knight
  9303 | Bailey   | Killed an orc knight
  9303 | Bailey   | Received a gift from Okawaru
  9304 | Bailey   | Noticed an orc knight
  9312 | Bailey   | Killed an orc knight
  9316 | Bailey   | Killed an orc knight
  9316 | Bailey   | Received a gift from Okawaru
  9663 | Bailey   | Noticed an orc knight
  9669 | Bailey   | Noticed an orc knight
  9714 | Bailey   | Mangled by an orc knight

Skill      XL: |  1  2  3  4  5  6  7  8  9 10 11 |
---------------+----------------------------------+-----
Maces & Flails | 5 6 7 8 10 12 14 15 | 15.3
Dodging        | 3 4 5 6 7 9 |  9.1
Throwing       | 1 2 4 |  4.0
Fighting       | 6 8 10 11 | 11.7
Invocations    | 2 |  2.9
Spellcasting   | 2 |  2.6
Summonings     | 1 |  1.5
Stealth        | |  1.4
Translocations | |  0.3

Action                   |  1- 3 |  4- 6 |  7- 9 | 10-12 || total
-------------------------+-------+-------+-------+-------++-------
Melee: Mace              |    68 |    19 |       |       ||    87
       Flail             |       |    54 |   252 |   447 ||   753
       Punch             |       |       |       |     1 ||     1
Throw: Javelin           |       |     2 |       |    17 ||    19
       Large rock        |       |       |       |    16 ||    16
       Tomahawk          |       |       |       |     8 ||     8
 Cast: Summon Butterflie |       |       |       |     1 ||     1
Invok: Heroism           |       |       |       |     2 ||     2
Evoke: Wand              |       |       |       |     4 ||     4
  Use: Scroll            |       |       |    10 |    17 ||    27
       Potion            |       |       |     3 |    12 ||    15
 Stab: Sleeping          |     3 |     1 |     4 |     6 ||    14
       Distracted        |       |     1 |       |       ||     1
       Invisible         |       |       |       |    16 ||    16
       Fleeing           |       |       |       |     1 ||     1
  Eat: Chunk             |       |     3 |    15 |     6 ||    24
       Meat ration       |       |       |       |     2 ||     2
       Beef jerky        |       |       |       |     1 ||     1
Armor: Robe              |    31 |    16 |    64 |    95 ||   206
       Skin              |       |       |       |   135 ||   135
Dodge: Dodged            |    46 |    26 |   152 |   374 ||   598
